 Dungeon Crawl Stone Soup version 0.31-a0-161-gb58dd9be76 (webtiles) character file.

Game seed: 8885778363826380262

2483 qw the Skirmisher (level 9, -12/76 (82) HPs)
             Began as a Naga Hunter on June 12, 2023.
             Was a Believer of Okawaru.
             Mangled by a wight
             ... wielding a +1 heavy great sword
              (18 damage)
             ... on level 8 of the Dungeon.
             The game lasted 00:02:40 (6851 turns).

qw the Skirmisher (Naga Hunter)                     Turns: 6851, Time: 00:02:41

HP:   -12/76 (82)   AC:  7    Str: 14    XL:     9   Next: 52%
MP:   11/12         EV: 14    Int: 10    God:    Okawaru [**....]
Gold: 437           SH:  0    Dex: 18    Spells: 8/8 levels left

rFire   . . .        Y - +0 orcbow
rCold   . . .        (shield currently unavailable)
rNeg    . . .        c - +0 leather armour
rPois   +            i - +2 hat
rElec   .            (no cloak)
rCorr   .            (no gloves)
SInv    +            (no barding)
Will    +....        (no amulet)
Stlth   +++          (no ring)
HPRegen 0.32/turn    (no ring)
MPRegen 0.13/turn

%: no passive effects
@: about to teleport, short of breath, heroic, drained, very slow
A: AC +3, large, see invisible, deformed body, poison resistance, slowness 2,
spit poison 2, naga tail 1
a: Breathe Poison Gas, Renounce Religion, Heroism


You were on level 8 of the Dungeon.
You worshipped Okawaru.
Okawaru was pleased with you.
You visited 2 branches of the dungeon, and saw 9 of its levels.

You collected 509 gold pieces.
You spent 72 gold pieces at shops.


Innate Abilities, Weirdness & Mutations

Your serpentine skin is tough. (AC +3)
You have supernaturally acute eyesight. (SInv)
Armour fits poorly on your strangely shaped body.
Your system is resistant to poisons. (rPois)
You cover ground very slowly.
You can exhale a cloud of poison.
You have a snake-like lower body.


   Skills:
 - Level 6.1(11.1) Fighting
 + Level 9.8(14.8) Ranged Weapons
 - Level 3.2(8.2) Dodging
 - Level 1.5(6.5) Stealth
 - Level 4.0 Invocations


You had 8 spell levels left.
You didn't know any spells.
Your spell library was empty.

Inventory:

Hand Weapons
 Y - a +0 orcbow (weapon)
Armour
 c - a +0 leather armour (worn)
 i - a +2 hat (worn)
 k - +0 steam dragon scales
 m - a +0 pair of gloves
Jewellery
 d - a ring of ice
 n - a ring of fire
Scrolls
 f - a scroll of identify
Potions
 a - 2 potions of mutation
 b - 2 potions of haste
 e - 2 potions of curing
 g - 2 potions of might
 h - a potion of attraction {unknown}
 j - a potion of berserk rage {unknown}
 o - a potion of resistance {unknown}

Dungeon Overview and Level Annotations

Branches:
Dungeon (8/15)             Temple (1/1) D:4
   Lair: D:8-11

Altars:
Ashenzari
Dithmenos
Elyvilon
Fedhas
Gozag
Hepliaklqana
Kikubaaqudgha
Makhleb
Nemelex Xobeh
Okawaru
Qazlal
Ru
Sif Muna
Trog
Uskayaw
Vehumet
Wu Jian
Xom
Zin
The Shining One

Shops:
D:8 [


Message History

6845 ||| INVOKING Breathe Poison Gas.
Aiming: Breathe Poison Gas (4% risk of failure)
Press: ? - help, Shift-Dir - straight line, f/p - yak You exhale a blast of poison gas.
The poison gas engulfs the yak.
The yak is almost dead.
The yak barely misses you.
The yak is engulfed in poison gas.
The yak looks even sicker.
The yak misses you.
The yak is engulfed in poison gas.
The yak is poisoned.
The yak gores you but does no damage.
You shoot an arrow. The arrow hits the yak!
You kill the yak!
Okawaru accepts your kill. The yak gores you.
The yak is engulfed in poison gas.
The yak looks even sicker.
The yak barely misses you.
You shoot an arrow. The arrow barely misses the yak.
The arrow barely misses the wight.
You shoot an arrow. The arrow hits the yak!
The yak is almost dead.
The yak gores you but does no damage.
The yak is engulfed in poison gas.
The yak looks even sicker.
You kill the yak!
Okawaru accepts your kill.
The wight hits you with a +1 heavy great sword!
You feel drained.
Your life force feels restored.
You shoot an arrow. The arrow hits the yak.
The yak is lightly wounded.
The yak gores you. The wight hits you with a +0 hand axe.
You feel drained.
The wight hits you with a +1 heavy great sword.
You feel drained.
6850 ||| READING scroll of teleportation.
As you read the scroll of teleportation, it crumbles to dust.
You feel strangely unstable. The yak closely misses you.
You shoot an arrow. The arrow hits the yak!!
The yak is heavily wounded.
The wight closely misses you. The yak gores you.
The wight hits you with a +0 hand axe!
You feel drained.
The wight hits you with a +1 heavy great sword!!
You die...

##....8####
.........
........#.)....~#
#.<..... .....~#
##.....####....~#
#..z.#.........~##
#zzYz.........~~##
#@z...........~~##
#.........##...~~#
#...............~~
###...\...........
##..............
#.##........%..
######..#......
#....#.....
#..>.......


You could see a yak and 5 wights.

Vanquished Creatures
  2 wyverns (D:8)
  3 yaks (D:8)
  A steam dragon (D:8)
  2 ice beasts (D:6)
  A sky beast (D:7)
  An ogre (D:7)
  2 centaurs
  A kobold brigand (D:6)
  4 bullfrogs
  2 scorpions (D:5)
  4 wights (D:8)
  3 hounds
  2 gnoll boudas
  An iguana (D:5)
  Jessica (D:2)
  An orc wizard (D:8)
  7 gnolls
  2 river rats (D:4)
  5 adders
  2 white imps
  A worm (D:3)
  2 dart slugs
  2 orcs (D:8)
  9 ball pythons
  7 endoplasms
  4 giant cockroaches
  8 hobgoblins
  10 kobolds
  4 quokkas
  4 bats
  A goblin (D:4)
  25 rats
124 creatures vanquished.

Vanquished Creatures (others)
  A rat (D:1)
1 creature vanquished.

Grand Total: 125 creatures vanquished

Notes
Turn   | Place    | Note
-------+----------+-------------------------------------------
     0 | D:1      | qw the Naga Hunter began the quest for the Orb.
     0 | D:1      | Reached XP level 1. HP: 19/19 MP: 1/1
     0 | D:1      | 0 ||| qw: Version: 0.2-a-29-gc1b59c4
     0 | D:1      | 0 ||| qw: Game counter: 4289
     0 | D:1      | 0 ||| qw: Always use a shield: true
     0 | D:1      | 0 ||| qw: God list: Okawaru
     0 | D:1      | 0 ||| qw: Allow faded altars: false
     0 | D:1      | 0 ||| qw: Do Orc after D:15 true
     0 | D:1      | 0 ||| qw: Do second Lair branch before Depths: true
     0 | D:1      | 0 ||| qw: Lair rune preference: random
     0 | D:1      | 0 ||| qw: Plans: Normal
     0 | D:1      | 0 ||| PLANNING D:1-11
    66 | D:1      | 66 ||| INVOKING Spit Poison.
   155 | D:1      | 155 ||| INVOKING Spit Poison.
   226 | D:1      | 226 ||| INVOKING Spit Poison.
   230 | D:1      | 230 ||| INVOKING Spit Poison.
   368 | D:1      | 368 ||| INVOKING Spit Poison.
   369 | D:1      | Reached skill level 4 in Ranged Weapons
   369 | D:1      | Reached XP level 2. HP: 26/26 MP: 2/2
   386 | D:1      | 386 ||| INVOKING Spit Poison.
   424 | D:1      | 424 ||| INVOKING Spit Poison.
   492 | D:1      | 492 ||| INVOKING Spit Poison.
   495 | D:1      | 495 ||| INVOKING Spit Poison.
   757 | D:1      | 757 ||| READING scroll labelled GADGHE QYZUCE.
   758 | D:1      | 758 ||| READING scroll labelled LOBBAGHIOJ.
   759 | D:1      | 759 ||| DROPPING scroll of butterflies.
   785 | D:2      | 785 ||| INVOKING Spit Poison.
   786 | D:2      | 786 ||| INVOKING Spit Poison.
   791 | D:2      | 791 ||| INVOKING Spit Poison.
   795 | D:2      | 795 ||| INVOKING Spit Poison.
   798 | D:2      | 798 ||| INVOKING Spit Poison.
   801 | D:2      | Reached XP level 3. HP: 11/32 MP: 3/3
   889 | D:2      | 889 ||| INVOKING Spit Poison.
   894 | D:2      | 894 ||| INVOKING Spit Poison.
   922 | D:2      | Found a faded altar of an unknown god.
   937 | D:2      | 937 ||| INVOKING Spit Poison.
   984 | D:2      | 984 ||| INVOKING Spit Poison.
  1109 | D:2      | 1109 ||| INVOKING Spit Poison.
  1115 | D:2      | 1115 ||| INVOKING Spit Poison.
  1208 | D:2      | 1208 ||| INVOKING Spit Poison.
  1300 | D:2      | Noticed Jessica
  1301 | D:2      | 1301 ||| INVOKING Spit Poison.
  1305 | D:2      | 1305 ||| INVOKING Spit Poison.
  1306 | D:2      | Killed Jessica
  1307 | D:2      | Reached skill level 5 in Ranged Weapons
  1307 | D:2      | Reached XP level 4. HP: 25/39 MP: 4/4
  1775 | D:2      | 1775 ||| READING scroll labelled ERIUPTEOCIN.
  1776 | D:2      | 1776 ||| DRINKING 2 sapphire potions.
  1827 | D:3      | 1827 ||| INVOKING Spit Poison.
  1857 | D:3      | 1857 ||| INVOKING Spit Poison.
  1914 | D:3      | 1914 ||| INVOKING Spit Poison.
  1932 | D:3      | 1932 ||| INVOKING Spit Poison.
  1938 | D:3      | 1938 ||| INVOKING Spit Poison.
  1944 | D:3      | 1944 ||| INVOKING Spit Poison.
  1988 | D:3      | 1988 ||| INVOKING Spit Poison.
  2012 | D:3      | 2012 ||| INVOKING Spit Poison.
  2087 | D:3      | 2087 ||| INVOKING Spit Poison.
  2292 | D:3      | 2292 ||| INVOKING Spit Poison.
  2298 | D:3      | 2298 ||| INVOKING Spit Poison.
  2301 | D:3      | 2301 ||| INVOKING Spit Poison.
  2308 | D:3      | 2308 ||| INVOKING Spit Poison.
  2314 | D:3      | 2314 ||| INVOKING Spit Poison.
  2319 | D:3      | 2319 ||| INVOKING Spit Poison.
  2322 | D:3      | 2322 ||| INVOKING Spit Poison.
  2413 | D:3      | 2413 ||| READING 2 scrolls labelled MAKHUIWUMI.
  2414 | D:3      | 2414 ||| READING scroll of enchant weapon.
  2414 | D:3      | 2414 ||| ENCHANTING +1 shortbow.
  2415 | D:3      | 2415 ||| READING scroll labelled QEOLAMAQUO.
  2416 | D:3      | 2416 ||| DRINKING 3 black potions.
  2416 | D:3      | Gained mutation: You can exhale a cloud of poison. [potion
                  | of mutation]
  2417 | D:3      | 2417 ||| DRINKING 2 coppery potions.
  2418 | D:3      | 2418 ||| DROPPING potion of enlightenment.
  2434 | D:4      | 2434 ||| PLANNING SEWER
  2556 | D:4      | 2556 ||| INVOKING Breathe Poison Gas.
  2582 | D:4      | 2582 ||| INVOKING Breathe Poison Gas.
  2583 | D:4      | Reached XP level 5. HP: 48/48 MP: 5/5
  2600 | D:4      | Reached skill level 3 in Fighting
  2614 | D:4      | 2614 ||| INVOKING Breathe Poison Gas.
  2757 | D:4      | Found a staircase to the Ecumenical Temple.
  2776 | D:4      | 2776 ||| INVOKING Breathe Poison Gas.
  2972 | D:4      | Found a glowing drain.
  2973 | D:4      | 2973 ||| INVOKING Breathe Poison Gas.
  2976 | D:4      | 2976 ||| READING 2 scrolls labelled LUVEDD SEAPH.
  2977 | D:4      | 2977 ||| READING scroll labelled YSODEHA EV OKU.
  2980 | D:4      | 2980 ||| Stepping randomly (stuck).
  2981 | D:4      | 2981 ||| Stepping randomly (stuck).
  2982 | D:4      | 2982 ||| Stepping randomly (stuck).
  2983 | D:4      | 2983 ||| Stepping randomly (stuck).
  2984 | D:4      | 2984 ||| Stepping randomly (stuck).
  2985 | D:4      | 2985 ||| Stepping randomly (stuck).
  2986 | D:4      | 2986 ||| Stepping randomly (stuck).
  2987 | D:4      | 2987 ||| Stepping randomly (stuck).
  2988 | D:4      | 2988 ||| Stepping randomly (stuck).
  2989 | D:4      | 2989 ||| Stepping randomly (stuck).
  2990 | D:4      | 2990 ||| Stepping randomly (stuck).
  2991 | D:4      | 2991 ||| Stepping randomly (stuck).
  2992 | D:4      | 2992 ||| Stepping randomly (stuck).
  2993 | D:4      | 2993 ||| Stepping randomly (stuck).
  2994 | D:4      | 2994 ||| Stepping randomly (stuck).
  2995 | D:4      | 2995 ||| Stepping randomly (stuck).
  2996 | D:4      | 2996 ||| Stepping randomly (stuck).
  2997 | D:4      | 2997 ||| Stepping randomly (stuck).
  3047 | D:4      | 3047 ||| STAIRDANCE
  3051 | D:4      | 3051 ||| STAIRDANCE
  3055 | D:4      | 3055 ||| STAIRDANCE
  3059 | D:4      | 3059 ||| STAIRDANCE
  3063 | D:4      | 3063 ||| STAIRDANCE
  3067 | D:4      | 3067 ||| STAIRDANCE
  3071 | D:4      | 3071 ||| STAIRDANCE
  3075 | D:4      | 3075 ||| STAIRDANCE
  3079 | D:4      | 3079 ||| STAIRDANCE
  3083 | D:4      | 3083 ||| STAIRDANCE
  3087 | D:4      | 3087 ||| STAIRDANCE
  3091 | D:4      | 3091 ||| STAIRDANCE
  3095 | D:4      | 3095 ||| STAIRDANCE
  3099 | D:4      | 3099 ||| STAIRDANCE
  3103 | D:4      | 3103 ||| STAIRDANCE
  3107 | D:4      | 3107 ||| STAIRDANCE
  3111 | D:4      | 3111 ||| STAIRDANCE
  3115 | D:4      | 3115 ||| STAIRDANCE
  3119 | D:4      | 3119 ||| STAIRDANCE
  3123 | D:4      | 3123 ||| STAIRDANCE
  3246 | D:3      | 3246 ||| RIP SEWER
  3246 | D:3      | 3246 ||| PLANNING TEMPLE
  3291 | Temple   | Entered the Ecumenical Temple
  3363 | Temple   | 3363 ||| PLANNING OKAWARU WORSHIP
  3579 | Temple   | Became a worshipper of Warmaster Okawaru
  3579 | Temple   | 3579 ||| PLANNING D:1-11
  3833 | D:5      | Entered Level 5 of the Dungeon
  3849 | D:5      | 3849 ||| INVOKING Breathe Poison Gas.
  3862 | D:5      | 3862 ||| INVOKING Breathe Poison Gas.
  3864 | D:5      | Reached skill level 6 in Ranged Weapons
  3864 | D:5      | Reached XP level 6. HP: 56/56 MP: 6/6
  3878 | D:5      | 3878 ||| INVOKING Breathe Poison Gas.
  3894 | D:5      | 3894 ||| INVOKING Breathe Poison Gas.
  3996 | D:5      | 3996 ||| INVOKING Breathe Poison Gas.
  3997 | D:5      | 3997 ||| INVOKING Breathe Poison Gas.
  3998 | D:5      | Reached * piety under Okawaru
  4101 | D:5      | 4101 ||| SWAPPING to +0 orcbow.
  4102 | D:5      | 4102 ||| INVOKING Breathe Poison Gas.
  4104 | D:5      | 4104 ||| DROPPING +2 shortbow.
  4121 | D:5      | Reached XP level 7. HP: 56/66 MP: 7/7
  4361 | D:5      | 4361 ||| UPGRADING to +2 hat.
  4366 | D:5      | 4366 ||| READING 2 scrolls of identify.
  4366 | D:5      | 4366 ||| IDENTIFYING clear potion
  4435 | D:6      | 4435 ||| INVOKING Breathe Poison Gas.
  4437 | D:6      | Reached skill level 1 in Invocations
  4454 | D:6      | 4454 ||| INVOKING Breathe Poison Gas.
  4456 | D:6      | 4456 ||| Stepping ~*~*~tactically~*~*~ (outnumbered).
  4458 | D:6      | 4458 ||| Stepping ~*~*~tactically~*~*~ (outnumbered).
  4465 | D:6      | 4465 ||| Stepping ~*~*~tactically~*~*~ (outnumbered).
  4467 | D:6      | 4467 ||| Stepping ~*~*~tactically~*~*~ (outnumbered).
  4469 | D:6      | 4469 ||| INVOKING Breathe Poison Gas.
  4475 | D:6      | 4475 ||| INVOKING Heroism.
  4477 | D:6      | HP: 14/66 [ice beast (14)]
  4481 | D:6      | 4481 ||| INVOKING Breathe Poison Gas.
  4507 | D:6      | 4507 ||| INVOKING Heroism.
  4508 | D:6      | 4508 ||| INVOKING Breathe Poison Gas.
  4680 | D:6      | 4680 ||| INVOKING Breathe Poison Gas.
  4683 | D:6      | Reached skill level 3 in Invocations
  4795 | D:6      | 4795 ||| INVOKING Heroism.
  4796 | D:6      | 4796 ||| INVOKING Heroism.
  4802 | D:6      | Reached skill level 7 in Ranged Weapons
  4959 | D:6      | 4959 ||| INVOKING Breathe Poison Gas.
  5803 | D:7      | 5803 ||| INVOKING Breathe Poison Gas.
  5805 | D:7      | Reached XP level 8. HP: 73/73 MP: 9/11
  5905 | D:7      | Found a glowing silver altar of Zin.
  5919 | D:7      | 5919 ||| INVOKING Heroism.
  5920 | D:7      | 5920 ||| INVOKING Breathe Poison Gas.
  5934 | D:7      | 5934 ||| INVOKING Breathe Poison Gas.
  6092 | D:7      | 6092 ||| INVOKING Breathe Poison Gas.
  6093 | D:7      | 6093 ||| INVOKING Breathe Poison Gas.
  6097 | D:7      | 6097 ||| INVOKING Heroism.
  6102 | D:7      | Reached skill level 8 in Ranged Weapons
  6207 | D:7      | 6207 ||| INVOKING Breathe Poison Gas.
  6298 | D:7      | 6298 ||| READING scroll labelled DISUREITRAK.
  6299 | D:7      | 6299 ||| DRINKING 2 white potions.
  6300 | D:7      | 6300 ||| DROPPING potion of invisibility.
  6329 | D:8      | Found a sparkling altar of Nemelex Xobeh.
  6330 | D:8      | Noticed a wyvern
  6331 | D:8      | 6331 ||| INVOKING Breathe Poison Gas.
  6334 | D:8      | Killed a wyvern
  6334 | D:8      | Reached ** piety under Okawaru
  6395 | D:8      | 6395 ||| INVOKING Heroism.
  6413 | D:8      | 6413 ||| INVOKING Breathe Poison Gas.
  6538 | D:8      | 6538 ||| INVOKING Breathe Poison Gas.
  6550 | D:8      | Reached skill level 9 in Ranged Weapons
  6550 | D:8      | Reached XP level 9. HP: 75/81 MP: 12/12
  6561 | D:8      | 6561 ||| INVOKING Heroism.
  6564 | D:8      | Reached skill level 3 in Dodging
  6568 | D:8      | 6568 ||| INVOKING Breathe Poison Gas.
  6579 | D:8      | 6579 ||| INVOKING Heroism.
  6623 | D:8      | 6623 ||| INVOKING Heroism.
  6624 | D:8      | 6624 ||| INVOKING Breathe Poison Gas.
  6792 | D:8      | 6792 ||| INVOKING Heroism.
  6794 | D:8      | 6794 ||| INVOKING Breathe Poison Gas.
  6797 | D:8      | Reached skill level 6 in Fighting
  6814 | D:8      | Found Buaplikk's Armour Shop.
  6822 | D:8      | 6822 ||| BUYING +0 pair of gloves (72 gold).
  6822 | D:8      | Bought a +0 pair of gloves for 72 gold pieces
  6830 | D:8      | 6830 ||| INVOKING Breathe Poison Gas.
  6843 | D:8      | 6843 ||| INVOKING Heroism.
  6844 | D:8      | 6844 ||| INVOKING Breathe Poison Gas.
  6845 | D:8      | 6845 ||| INVOKING Breathe Poison Gas.
  6849 | D:8      | HP: 19/80 [wight/+1 heavy great sword (6)]
  6850 | D:8      | 6850 ||| READING scroll of teleportation.
  6851 | D:8      | HP: 7/78 [wight/+0 hand axe (8)]
  6851 | D:8      | Mangled by a wight

Levels and vault maps discovered:
D:1:      onia_arrival_pyramid, layout_basic, lemuel_flame_loot_1
D:2:      layout_basic, shapermc_ecumenical_altar_rom_forum, dk_vineyard_2,
          uniq_jessica
D:3:      layout_basic, minmay_rat_hole
D:4:      wander_river, layout_loops_cross, temple_green, portal_sewer_entry_b
D:5:      layout_cave_pools
D:6:      layout_basic
D:7:      layout_rooms, mainiacjoe_overflow_cross_hatched
D:8:      layout_cave_pools, mainiacjoe_overflow_concentric_impassable,
          jmf_multi_god_temple2, serial_shops, shop, water_maze_lemuel
Temple:   dpeg_five_rooms_temple

Skill      XL: |  1  2  3  4  5  6  7  8  9 |
---------------+----------------------------+-----
Ranged Weapons | 4 5 6 7 9 |  9.8
Fighting       | 3 4 5 6 |  6.1
Invocations    | 4 |  4.0
Dodging        | 2 3 |  3.2
Stealth        | |  1.5

Action                     |  1- 3 |  4- 6 |  7- 9 || total
---------------------------+-------+-------+-------++-------
   Fire: Shortbow          |    55 |   100 |       ||   155
         Orcbow            |       |     5 |   147 ||   152
 Invoke: Heroism           |       |       |    11 ||    11
Ability: Spit Poison       |    22 |    16 |       ||    38
         Breathe Poison Ga |       |    11 |    20 ||    31
    Use: Scroll            |     2 |     6 |     3 ||    11
         Potion            |       |     3 |     1 ||     4
 Armour: Leather armour    |     8 |     7 |    24 ||    39
  Dodge: Dodged            |    19 |     5 |    50 ||    74

Table legend:
 A = Non-vault XP
 B = Vault XP
 C = Vault XP percentage of total XP
 D = Non-vault monster count
 E = Vault monster count
 F = Vault count percentage of total count
                 A         B        C        D         E       F
            +---------+---------+-------+---------+---------+-------
      Total |    3455 |      93 |   2.6 |      96 |      28 |  22.6
            +---------+---------+-------+---------+---------+-------
        D:1 |      27 |       0 |   0.0 |      13 |       0 |   0.0
        D:2 |      52 |      37 |  41.6 |      18 |       1 |   5.3
        D:3 |      25 |      20 |  44.4 |      13 |      19 |  59.4
        D:4 |      18 |      36 |  66.7 |       4 |       8 |  66.7
        D:5 |     412 |       0 |   0.0 |       7 |       0 |   0.0
        D:6 |     539 |       0 |   0.0 |      12 |       0 |   0.0
        D:7 |     515 |       0 |   0.0 |       9 |       0 |   0.0
        D:8 |    1867 |       0 |   0.0 |      20 |       0 |   0.0
            +---------+---------+-------+---------+---------+-------
